 Dungeon Sprint DCSS version 0.24.1-14-gf8d2b509d9 (webtiles) character file.

Game seed: 6222287429722162542, levelgen mode: deterministic

802 sahdkjhfkaj the Martial Artist (level 7, -5/59 HPs)
             Began as a Gnoll Transmuter on Sept 28, 2020.
             Was an Initiate of Gozag.
             Slain by a two-headed ogre
             ... wielding a +0 giant club
              (11 damage)
             ... in the Dungeon (Sprint IX: "|||||||||||||||||||||||||||||").
             The game lasted 00:01:20 (364 turns).

sahdkjhfkaj the Martial Artist (Gnoll Transmuter)    Turns: 364, Time: 00:01:21

Health: -5/59      AC:  5    Str: 14    XL:     7   Next: 91%
Magic:  10/18      EV: 17    Int: 16    God:    Gozag
Gold:   0          SH:  0    Dex: 15    Spells: 9/21 levels left

rFire    . . .     SeeInvis .     - Unarmed
rCold    . . .     Gourm    .   (shield currently unavailable)
rNeg     . . .     Faith    .   b - +0 robe
rPois    .         Spirit   .   p - +0 helmet
rElec    .         Reflect  .   (no cloak)
rCorr    .         Harm     .   (gloves currently unavailable)
MR       .....     NoTele   +   o - +0 pair of boots
Stlth    +++.......             (no amulet)
HPRegen  0.19/turn              (no ring)
MPRegen  0.16/turn              (no ring)

@: blade hands, gold aura
A: distributed training, fangs 1, strong nose
a: End Transformation, Potion Petition, Call Merchant, Bribe Branch, Renounce
Religion


You were in the Dungeon.
You worshipped Gozag.
Gozag was noncommittal.
You were not hungry.
You had blades for hands.
You visited 1 branch

Inventory:

Missiles
 a - 36 arrows
Armour
 b - a +0 robe (worn)
 o - a +0 pair of boots (worn)
 p - a +0 helmet (worn)
Magical Staves
 q - an uncursed staff of energy (melded)
Jewellery
 m - a +3 ring of strength
 n - a +2 ring of evasion
Wands
 l - a wand of acid (10)
Scrolls
 i - 3 scrolls of remove curse
 j - 2 scrolls of blinking
 k - 2 scrolls of amnesia
Potions
 c - a potion of invisibility
 e - 5 potions of curing
 f - 3 potions of heal wounds
 g - a potion of haste
 h - 4 potions of magic
Comestibles
 d - a ration


   Skills:
 + Level 6.5 Fighting
 + Level 5.9 Short Blades
 + Level 5.9 Long Blades
 + Level 5.9 Axes
 + Level 5.9 Maces & Flails
 + Level 5.9 Polearms
 + Level 5.9 Staves
 + Level 5.9 Slings
 + Level 5.9 Bows
 + Level 5.9 Crossbows
 + Level 5.9 Throwing
 + Level 5.9 Armour
 + Level 7.5 Dodging
 + Level 5.9 Stealth
 + Level 5.9 Shields
 + Level 8.9 Unarmed Combat
 + Level 7.8 Spellcasting
 + Level 4.8 Conjurations
 + Level 4.8 Hexes
 + Level 4.8 Charms
 + Level 4.8 Summonings
 + Level 4.8 Necromancy
 + Level 4.8 Translocations
 + Level 6.2 Transmutations
 + Level 4.8 Fire Magic
 + Level 4.8 Ice Magic
 + Level 4.8 Air Magic
 + Level 4.8 Earth Magic
 + Level 4.8 Poison Magic
 + Level 6.4 Invocations
 + Level 5.9 Evocations


You had 9 spell levels left.
You knew the following spells:

 Your Spells              Type           Power        Failure   Level  Hunger
a - Beastly Appendage     Tmut           ####..       14%         1    None
A - Blade Hands           Tmut           ####......   67%         5    #####..
F - Ice Form              Ice/Tmut       ###.....     50%         4    ####...
T - Sticks to Snakes      Tmut           ####....     17%         2    None

Your spell library contained the following spells:

 Spells                   Type           Power        Failure   Level  Hunger
 Spider Form              Tmut/Pois      ###.......   28%         3    ##.....


Dungeon Overview and Level Annotations

Branches:
Dungeon (1/1)

Altars:
Cheibriados
Dithmenos
Elyvilon
Fedhas
Gozag
Hepliaklqana
Kikubaaqudgha
Makhleb
Nemelex Xobeh
Okawaru
Qazlal
Ru
Sif Muna
Trog
Uskayaw
Vehumet
Wu Jian
Xom
Yredelemnul
Zin
The Shining One
Beogh
Jiyva
Lugonu


Innate Abilities, Weirdness & Mutations

Your experience applies equally to all skills.
You have very sharp teeth.
Your uncanny sense of smell can sniff out nearby items.


Message History

You have reached level 7!
The giant cockroach zombie becomes distracted by the nearby gold, dreaming of imaginary riches.
You slice the adder skeleton!!
You destroy the adder skeleton!
You hit the two-headed ogre.
The two-headed ogre is lightly wounded.
The worker ant becomes distracted by the nearby gold, dreaming of imaginary riches.
The worker ant twitches its antennae in your direction.
You slice the two-headed ogre!!
You bite the two-headed ogre, but do no damage.
The two-headed ogre is heavily wounded.
The two-headed ogre misses you.
The two-headed ogre hits you with a cursed -1 giant club!
You slash the two-headed ogre!
The two-headed ogre is severely wounded.
The two-headed ogre hits you with a +0 giant club!
* * * LOW HITPOINT WARNING * * *
The two-headed ogre hits you with a cursed -1 giant club!
You die...
Your body crumbles into a pile of gold.

▓.▓
$
▓.▓
$
▓.▓
$
▓)▓
$
▓.▓
▓.▓
$
▓[▓
▓.▓
$
▓@▓
∆
▓O▓
∆ $
▓$▓
∆
▓a▓
∆ $
▓.▓
$
▓.▓
∆ $
▓Z▓
$
▓o▓
∆ $
▓+▓
∆


You could see a two-headed ogre, an orc warrior, a worker ant and a giant
cockroach zombie.

Vanquished Creatures
  A two-headed ogre (D)
  A sky beast (D)
  A centaur (D)
  A gnoll (D)
  An adder skeleton (D)
  2 orcs (D)
  A bat zombie (D)
  2 goblins (D)
  A frilled lizard (D)
  A rat (D)
12 creatures vanquished.

Notes
Turn   | Place    | Note
-------+----------+-------------------------------------------
     0 | D        | sahdkjhfkaj the Gnoll Transmuter began the quest for the
                  | Orb.
     0 | D        | Reached XP level 1. HP: 17/17 MP: 6/6
    18 | D        | Reached skill level 1 in Short Blades
    18 | D        | Reached skill level 1 in Long Blades
    18 | D        | Reached skill level 1 in Axes
    18 | D        | Reached skill level 1 in Maces & Flails
    18 | D        | Reached skill level 1 in Polearms
    18 | D        | Reached skill level 1 in Staves
    18 | D        | Reached skill level 1 in Slings
    18 | D        | Reached skill level 1 in Bows
    18 | D        | Reached skill level 1 in Crossbows
    18 | D        | Reached skill level 1 in Throwing
    18 | D        | Reached skill level 1 in Armour
    18 | D        | Reached skill level 1 in Stealth
    18 | D        | Reached skill level 1 in Shields
    18 | D        | Reached skill level 5 in Spellcasting
    18 | D        | Reached skill level 1 in Conjurations
    18 | D        | Reached skill level 1 in Hexes
    18 | D        | Reached skill level 1 in Charms
    18 | D        | Reached skill level 1 in Summonings
    18 | D        | Reached skill level 1 in Necromancy
    18 | D        | Reached skill level 1 in Translocations
    18 | D        | Reached skill level 1 in Fire Magic
    18 | D        | Reached skill level 1 in Ice Magic
    18 | D        | Reached skill level 1 in Air Magic
    18 | D        | Reached skill level 1 in Earth Magic
    18 | D        | Reached skill level 1 in Poison Magic
    18 | D        | Reached skill level 1 in Invocations
    18 | D        | Reached skill level 1 in Evocations
    18 | D        | Reached XP level 2. HP: 17/23 MP: 8/8
    24 | D        | Noticed a sky beast
    24 | D        | Noticed a centaur
    45 | D        | Killed a sky beast
    45 | D        | Reached skill level 5 in Dodging
    45 | D        | Reached skill level 7 in Unarmed Combat
    45 | D        | Reached XP level 3. HP: 30/30 MP: 8/10
    45 | D        | Reached XP level 4. HP: 37/37 MP: 8/11
    54 | D        | Killed a centaur
    54 | D        | Reached XP level 5. HP: 30/43 MP: 9/13
   206 | D        | Learned a level 2 spell: Sticks to Snakes
   211 | D        | Learned a level 4 spell: Ice Form
   217 | D        | Learned a level 5 spell: Blade Hands
   232 | D        | Found a roughly hewn altar of Beogh.
   232 | D        | Found a snail-covered altar of Cheibriados.
   232 | D        | Found a shadowy altar of Dithmenos.
   232 | D        | Found a white marble altar of Elyvilon.
   232 | D        | Found a blossoming altar of Fedhas.
   232 | D        | Found an opulent altar of Gozag.
   233 | D        | Found a hazy altar of Hepliaklqana.
   234 | D        | Found a viscous altar of Jiyva.
   235 | D        | Found an ancient bone altar of Kikubaaqudgha.
   236 | D        | Found a corrupted altar of Lugonu.
   237 | D        | Found a burning altar of Makhleb.
   238 | D        | Found a sparkling altar of Nemelex Xobeh.
   239 | D        | Found an iron altar of Okawaru.
   240 | D        | Found a stormy altar of Qazlal.
   242 | D        | Became a worshipper of Gozag Ym Sagoz the Greedy
   244 | D        | Found a sacrificial altar of Ru.
   245 | D        | Found a shimmering blue altar of Sif Muna.
   246 | D        | Found a bloodstained altar of Trog.
   247 | D        | Found a hide-covered altar of Uskayaw.
   248 | D        | Found a radiant altar of Vehumet.
   249 | D        | Found an ornate altar of the Wu Jian Council.
   250 | D        | Found a shimmering altar of Xom.
   251 | D        | Found a basalt altar of Yredelemnul.
   252 | D        | Found a glowing silver altar of Zin.
   253 | D        | Found a glowing golden altar of the Shining One.
   277 | D        | Noticed a two-headed ogre
   277 | D        | Noticed a two-headed ogre
   277 | D        | Noticed an orc warrior
   359 | D        | Killed a two-headed ogre
   359 | D        | Reached skill level 5 in Short Blades
   359 | D        | Reached skill level 5 in Long Blades
   359 | D        | Reached skill level 5 in Axes
   359 | D        | Reached skill level 5 in Maces & Flails
   359 | D        | Reached skill level 5 in Polearms
   359 | D        | Reached skill level 5 in Staves
   359 | D        | Reached skill level 5 in Slings
   359 | D        | Reached skill level 5 in Bows
   359 | D        | Reached skill level 5 in Crossbows
   359 | D        | Reached skill level 5 in Throwing
   359 | D        | Reached skill level 5 in Armour
   359 | D        | Reached skill level 5 in Stealth
   359 | D        | Reached skill level 5 in Shields
   359 | D        | Reached skill level 8 in Unarmed Combat
   359 | D        | Reached skill level 5 in Evocations
   359 | D        | Reached XP level 6. HP: 33/53 MP: 8/16
   359 | D        | Reached XP level 7. HP: 37/59 MP: 9/18
   364 | D        | Slain by a two-headed ogre

Levels and vault maps discovered:
D:        linesprint [early_d, line_temple, items_1, d_10, items_2, lair_1,
          lair_end, items_3, orc_1, orc_end, items_4, d_15, swamp_1, shoals_1,
          snake_1, spider_1, d_20, vaults_1, items_5, swamp_end, shoals_end,
          snake_end, spider_end, vaults_end, d_27, items_6, zot_1, zot_end,
          crypt_end, forest_end, elf_end, slime_end, tomb_end, abyss_end,
          pan_hell_end]

Skill      XL: |  1  2  3  4  5 |
---------------+----------------+-----
Short Blades   | 1 2 3 5 |  5.9
Long Blades    | 1 2 3 5 |  5.9
Axes           | 1 2 3 5 |  5.9
Maces & Flails | 1 2 3 5 |  5.9
Polearms       | 1 2 3 5 |  5.9
Staves         | 1 2 3 5 |  5.9
Slings         | 1 2 3 5 |  5.9
Bows           | 1 2 3 5 |  5.9
Crossbows      | 1 2 3 5 |  5.9
Throwing       | 1 2 3 5 |  5.9
Armour         | 1 2 3 5 |  5.9
Stealth        | 1 2 3 5 |  5.9
Shields        | 1 2 3 5 |  5.9
Spellcasting   | 5 6 7 |  7.8
Conjurations   | 1 2 3 4 |  4.8
Hexes          | 1 2 3 4 |  4.8
Charms         | 1 2 3 4 |  4.8
Summonings     | 1 2 3 4 |  4.8
Necromancy     | 1 2 3 4 |  4.8
Translocations | 1 2 3 4 |  4.8
Fire Magic     | 1 2 3 4 |  4.8
Ice Magic      | 1 2 3 4 |  4.8
Air Magic      | 1 2 3 4 |  4.8
Earth Magic    | 1 2 3 4 |  4.8
Poison Magic   | 1 2 3 4 |  4.8
Invocations    | 1 3 4 6 |  6.4
Evocations     | 1 2 3 5 |  5.9
Fighting       | 4 6 |  6.5
Dodging        | 5 7 |  7.5
Unarmed Combat | 7 8 |  8.9
Transmutations | 4 6 |  6.2

Action                   |  1- 3 |  4- 6 |  7- 9 || total
-------------------------+-------+-------+-------++-------
Melee: Unarmed           |    23 |    12 |     4 ||    39
       Punch             |     3 |       |       ||     3
       Bite              |     1 |     2 |     1 ||     4
       Headbutt          |       |     1 |       ||     1
 Cast: Beastly Appendage |     1 |       |       ||     1
       Blade Hands       |       |     1 |       ||     1
       Ice Form          |       |     1 |       ||     1
  Use: Potion            |     1 |       |       ||     1
Armor: Robe              |     2 |     1 |       ||     3
Dodge: Dodged            |    10 |     6 |     1 ||    17
